 Dungeon Crawl Stone Soup version 0.30-a0-341-g682706514a (console) character file.

Game seed: 15418012496922430965

112899 petzl the Fighter (level 17, -3/136 (140) HPs)
             Began as a Formicid Delver on Nov 2, 2022.
             Was a High Priest of Vehumet.
             Slain by a deep elf knight
             ... wielding a +0 long sword
              (11 damage)
             ... on level 2 of the Elven Halls on Nov 4, 2022.
             The game lasted 04:25:56 (36907 turns).

petzl the Fighter (Formicid Delver)                Turns: 36907, Time: 04:25:57

HP:   -3/136 (140)  AC: 14    Str: 17    XL:     17   Next: 16%
MP:   19/33         EV: 14    Int: 18    God:    Vehumet [*****.]
Gold: 3007          SH:  8    Dex: 15    Spells: 8/40 levels left

rFire   + + .      SeeInvis +    b - +7 spear {drain, rF+ Will+, !f =f}
rCold   . . .      Faith    .    X - +2 buckler
rNeg    . . .      Spirit   .    J - +3 leather armour {rF+}
rPois   .          Reflect  .    (helmet unavailable)
rElec   .          Harm     .    h - +0 cloak
rCorr   .          Rampage  .    E - +0 pair of gloves
Will    ++...                    A - +0 pair of boots
Stlth   ++++......               v - amulet of regeneration
HPRegen 1.22/turn                l - +4 ring of protection
MPRegen 0.23/turn                e - +4 ring of slaying

@: lightly drained, invisible
A: permanent stasis, dig shafts and tunnels, antennae 3, four strong arms
a: Dig, Shaft Self, Renounce Religion


You were on level 2 of the Elven Halls.
You worshipped Vehumet.
Vehumet was extremely pleased with you.
You visited 5 branches of the dungeon, and saw 25 of its levels.

You collected 3440 gold pieces.
You spent 433 gold pieces at shops.

Inventory:

Hand Weapons
 a - a +2 vorpal longbow
 b - the +7 spear of Festooned Optimality (weapon) {drain, rF+ Will+, !f =f}
   (You found it on level 14 of the Dungeon)

   A truly terrible weapon, it drains the life of any living foe it strikes.
   rF:        It protects you from fire.
   Will:      It increases your willpower.
 c - a +4 quarterstaff of chaos
 m - the +11 war axe of Perversion {flame, rPois, !f =f}
   (You took it off a centaur warrior on level 15 of the Dungeon)

   It burns those it strikes, dealing additional fire damage.
   Big, fiery blades are also staple armaments of hydra-hunters.
   rPois:     It protects you from poison.
 n - a +3 scimitar of flaming
 r - the +6 hand axe of the Firefly {protect, rElec rCorr Dex+4, !f =f}
   (You found it on level 2 of the Elven Halls)

   It grants its wielder temporary protection when it strikes (+7 to AC).
   Dex:       It affects your dexterity (+4).
   rElec:     It insulates you from electricity.
   rCorr:     It protects you from acid and corrosion.
 w - a +2 flail of protection
 B - a +0 demon whip of venom
 W - a +0 rapier of draining
Missiles
 Z - a curare-tipped dart (quivered)
Armour
 h - a +0 cloak (worn)
 A - a +0 pair of boots (worn)
 E - a +0 pair of gloves (worn)
 J - a +3 leather armour of fire resistance (worn)
 X - a +2 buckler (worn)
Jewellery
 e - a +4 ring of slaying (right hand)
 l - a +4 ring of protection (left hand)
 s - a ring of fire
 v - an amulet of regeneration (around neck)
 D - a ring of wizardry
 F - a +4 ring of protection
 G - a ring of magical power
 L - a ring of poison resistance
 N - the ring "Omiufy Gagewn" {rC+ Str+4}
   (You found it on level 6 of the Dungeon)

   [ring of protection from cold]

   Str:       It affects your strength (+4).
   rC:        It protects you from cold.
Wands
 f - a wand of digging (10)
 p - a wand of paralysis (6)
 x - a wand of polymorph (4)
 H - a wand of flame (29)
Scrolls
 k - a scroll of identify
 o - a scroll of amnesia
 y - a scroll of silence
 C - 4 scrolls of fear
 T - 2 scrolls of butterflies
 U - 2 scrolls of poison
 Y - 2 scrolls of magic mapping
Potions
 d - a potion of ambrosia
 g - a potion of invisibility
 i - 3 potions of magic
 j - 3 potions of resistance
 t - 4 potions of flight
 u - 10 potions of curing
 z - 3 potions of might
 Q - 5 potions of brilliance
 S - 2 potions of cancellation


   Skills:
 + Level 14.4 Fighting
 - Level 1.3(2.0) Short Blades
 - Level 2.0(2.2) Long Blades
 - Level 4.0 Staves
 - Level 3.0 Ranged Weapons
 - Level 4.0 Armour
 - Level 6.0 Dodging
 - Level 10.7 Stealth
 - Level 6.7 Shields
 - Level 12.1 Spellcasting
 - Level 10.9 Conjurations
 - Level 5.0 Necromancy
 - Level 10.4 Translocations
 - Level 6.0 Ice Magic
 - Level 6.0 Air Magic
 - Level 7.0 Earth Magic
 - Level 3.0 Poison Magic
 - Level 3.0 Evocations


You had 8 spell levels left.
You knew the following spells:

 Your Spells              Type           Power      Damage    Failure   Level
a - Magic Dart            Conj           100%       1d8       1%          1
b - Poisonous Vapours     Pois/Air       54%        N/A       1%          2
c - Stone Arrow           Conj/Erth      86%        3d12      1%          3
d - Shock                 Conj/Air       100%       1d9       1%          1
e - Iron Shot             Conj/Erth      21%        9d5       10%         6
k - Kiss of Death         Conj/Necr      100%       2d13      1%          1
l - Freezing Cloud        Conj/Ice/Air   19%        6-21      3%          5
p - Passage of Golubria   Tloc           48%        N/A       1%          4
u - Sublimation of Blood  Necr           29%        N/A       1%          2
A - Apportation           Tloc           96%        N/A       1%          1
C - Conjure Ball Lightni  Conj/Air       20%        3x3d7     11%         6

Your spell library contained the following spells:

 Spells                   Type           Power      Damage    Failure   Level
 Orb of Destruction       Conj           25%        9d9       22%         7
 Necrotise                Necr           100%       1d9       1%          1
 Searing Ray              Conj           100%       2d8       1%          2
 Frozen Ramparts          Ice            64%        1d10      1%          3
 Gell's Gravitas          Tloc           48%        N/A       1%          3
 Hailstorm                Conj/Ice       41%        3d10      1%          3
 Lesser Beckoning         Tloc           96%        N/A       1%          3
 Teleport Other           Tloc           48%        N/A       1%          3
 Flame Wave               Conj/Fire      30%        2d9       2%          4
 Fulminant Prism          Conj/Hex       15%        3d10      2%          4
 Passwall                 Tmut/Erth      19%        N/A       3%          2
 Portal Projectile        Hex/Tloc       58%        N/A       3%          3
 Ensorcelled Hibernation  Hex/Ice        42%        N/A       4%          2
 Scorch                   Fire           20%        2d6       4%          2
 Irradiate                Conj/Tmut      15%        3d16      7%          5
 Summon Small Mammal      Summ           40%        N/A       9%          1
 Dispel Undead            Necr           29%        3d13      11%         4
 Animate Armour           Summ/Erth      46%        N/A       22%         4
 Leda's Liquefaction      Hex/Erth       11%        N/A       22%         4
 Petrify                  Tmut/Erth      23%        N/A       22%         4
 Borgnjor's Vile Clutch   Necr/Erth      16%        N/A       22%         5
 Call Canine Familiar     Summ           10%        N/A       26%         3
 Confusing Touch          Hex            10%        N/A       26%         3
 Tukima's Dance           Hex            10%        N/A       26%         3
 Ice Form                 Ice/Tmut       21%        N/A       26%         4
 Summon Ice Beast         Ice/Summ       21%        N/A       26%         4
 Yara's Violent Unravell  Hex/Tmut       5%         3d4       50%         5
 Silence                  Hex/Air        10%        N/A       58%         5
 Alistair's Intoxication  Tmut/Pois      10%        N/A       80%         5
 Simulacrum               Ice/Necr       15%        N/A       82%         6
 Eringya's Noxious Bog    Tmut/Pois      8%         N/A       85%         6
 Death Channel            Necr           14%        N/A       86%         6
 Lehudib's Crystal Spear  Conj/Erth      21%        10d6      96%         8
 Summon Cactus Giant      Summ           5%         N/A       100%        6
 Maxwell's Capacitive Co  Air            16%        ∞         100%        8


Dungeon Overview and Level Annotations

Branches:
Dungeon (15/15)            Temple (1/1) D:6            Lair (5/5) D:9
 Shoals (0/4) Lair:3        Snake (0/4) Lair:3        Slime (0/5) Lair:4
    Orc (2/2) D:9             Elf (2/3) Orc:2        Vaults (0/5) D:14
 Depths (0/4) D:15

Altars:
Ashenzari
Cheibriados
Dithmenos
Elyvilon
Fedhas
Gozag
Hepliaklqana
Kikubaaqudgha
Makhleb
Nemelex Xobeh
Okawaru
Qazlal
Ru
Sif Muna
Trog
Uskayaw
Vehumet
Wu Jian
Xom
Yredelemnul
Zin
The Shining One
Jiyva

Shops:
Orc:2 :?(?   Elf:1 ([   Elf:2 (

Portals:
Pandemonium: Orc:2

Annotations:
D:4 2 transporters, Darkkill's ghost, novice MiHu
D:5 Menkaure
D:6 exclusions: downstairs and ogre
D:8 exclusion: downstairs
D:9 Azrael
D:10 exclusions: door and 3 downstairs
D:11 Maurice
Lair:2 exclusion: downstairs
Lair:3 Nessos
Lair:4 exclusions: 2 downstairs and upstairs
Orc:2 2 transporters, koil's ghost, journeyman SpHu
Elf:1 exclusion: 2 downstairs, Asterion


Innate Abilities, Weirdness & Mutations

You cannot be hasted, slowed, berserked, paralysed or teleported.
You can dig through walls and to a lower floor.
You have a pair of large antennae on your head. (SInv)
Your four strong arms can wield two-handed weapons with a shield.


Message History

Your +1 battleaxe of electrocution hits the deep elf knight!
Lightning courses through the deep elf knight!
There is a passage of Golubria here.
Unknown command.
Unknown command.
Okay, then.
Unknown command.
Okay, then.
Press: ? - help, v - describe, . - travel
Here: a deep elf knight, wielding a +0 long sword and wearing a +0 buckler (fast)
The floor.
Unknown command.
Unknown command.
Unknown command.
You fade into invisibility!
The deep elf knight hits your +1 battleaxe of electrocution with a +0 short sword!
The deep elf knight hits you with a +0 long sword.
* * * LOW HITPOINT WARNING * * *
The deep elf knight gestures at you while chanting.
The lance of force misses you.
Your +1 battleaxe of electrocution hits the deep elf knight!!
The deep elf knight dies!
Vehumet accepts your kill.
Okay, then.
Unknown command.
Unknown command.
Unknown command.
Press: ? - help, v - describe, . - travel A passage of Golubria.
Unknown command.
Press: ? - help, v - describe, . - travel
Here: a +4 lajatang of flaming (unable to see you)
The floor.
Unknown command.
Unknown command.
Unknown command.
Unknown command.
Unknown command.
The deep elf knight hits you with a +0 long sword!
You die...

,,,,,,,,,,,,,,,,,,,,,,,,,,,,,,,,,,,,*
,,,,,,,,,,,,,,,,,,,,,,,,,,,,,,,,,,,,*
,,,,,,,,,,,,,,,,,,,,,,...........(..*
,,,*,,,,,,,,,,,,,,,,,.e............**
,,***,,,,,,,,,,,,,,,,.............#*
,** **,,,,,,,,,,,,,,,,...........##
** ***,,,,,,,,,,,,,,............##
*******++,,,,,,,,,,,,**#..........##
**,,,,,,,+,,,,,,,,,,,** *#..........#
*,,⌠,,,,,**,,,,,,....* #..........#
,,,,,,,,,**,,,,,,....#* ##..........#
,,,,,,,,,***,,,,,^....###..E)......##
,,,,,,,,,* **,,,,........E...(....##
,,,,,,,⌠,* **,,,..........(.....##
,,,,,,,,,* **,,,,.....e..(........#*
,,,,,,,,****,,,,,........((........#*
,,,,,,,** *,,,,,,.......^(..........*
,,,,,,** *,,,,,,.......e...........*
,,,,,** *,,,,,,.......@...........*
,⌠,,** **,,,,,..#.......#.....,,**
***** **,,,,.*##.....##*....,**
**,,,** ##...## **...** * ***** #####
**##* ** ,** ,,* ,** *'** **,** ****
**,****,,* **'*,,,,* ***,,,,,,* *****
*,,,,,,,,* **,,,**
***>,,,,,********,,,,,*
**'*,,,,',,,,,,+,,,,,*
**,****,,********,,,,,* **,** ****
**,,,**


You could see 2 deep elf knights, 5 dancing weapons, a friendly earth elemental
(summoned), a friendly water elemental (summoned) and a friendly +1 battleaxe of
electrocution (summoned).

Vanquished Creatures
  An orc warlord (Orc:1)
  A deep elf demonologist (Elf:1)
  A deep elf annihilator (Elf:2)
  A dire elephant (D:15)
  4 hydras
  Erolcha (D:10)
  A death knight (D:12)
  7 boulder beetles
  7 centaur warriors
  2 demonspawn (Orc:2)
  8 dancing weapons
  A two-headed ogre (shapeshifter) (D:7)
  6 orc high priests (Orc:2)
  4 two-headed ogres
  Urug (D:10)
  8 deep elf knights
  Sonja (D:13)
  Amaemon (Lair:2)
  A skeletal warrior (D:14)
  3 deep elf archers
  A wizard (Elf:1)
  7 orc knights
  16 deep elf zephyrmancers
  2 oklob plants (Lair:4)
  16 deep elf pyromancers
  2 wolf spiders
  5 manticores
  An ugly thing (D:12)
  4 cyclopes
  9 orc sorcerers
  A salamander (D:15)
  3 elephants (Lair:2)
  A guardian serpent (shapeshifter) (D:14)
  12 black mambas
  A guardian serpent (Lair:5)
  An orange demon (Lair:1)
  4 centaur skeletons (D:14)
  14 cane toads
  An unseen horror (shapeshifter) (D:12)
  Maggie (D:9)
  3 kobold demonologists
  3 yaktaurs (D:14)
  3 efreet
  8 komodo dragons
  Psyche (D:12)
  4 trolls
  3 meliai (D:14)
  3 polar bears
  2 red devils (Orc:2)
  A meliai (shapeshifter) (D:15)
  A merfolk (Lair:3)
  13 blink frogs
  2 hornets (Lair:5)
  Grinder (D:5)
  2 dream sheep
  24 slime creatures
  A centaur simulacrum (D:12)
  2 wraiths
  A water elemental (Elf:2)
  2 air elementals (Elf:1)
  4 shadows
  24 yaks
  A basilisk (D:15)
  Grum (D:8)
  8 fire elementals
  10 wyverns
  2 chaos spawn (Orc:2)
  Edmund (D:4)
  9 vampire mosquitoes
  A redback (Lair:5)
  A steam dragon (D:9)
  8 wargs
  2 acid dragons
  2 hell hounds
  26 water moccasins
  30 orc warriors
  2 black bears
  2 sky beasts (D:7)
  A boggart (D:12)
  5 ogres
  9 wolves
  13 centaurs
  2 phantoms
  2 kobold brigands
  An elf zombie (D:4)
  5 scorpions
  7 bullfrogs
  2 gnoll sergeants
  2 earth elementals
  2 elf skeletons (D:4)
  A necrophage (D:7)
  8 wights
  4 troll zombies (D:9)
  19 killer bees
  4 electric eels
  A jelly (D:6)
  2 gnoll boudas
  Crazy Yiuf (D:4)
  A human zombie (D:4)
  23 orc priests
  15 hounds
  A human skeleton (D:4)
  3 iguanas
  Ijyb (D:5)
  7 hell rats (Lair:5)
  22 orc wizards
  4 ogre zombies (D:9)
  18 gnolls
  7 adders
  2 white imps
  2 dart slugs
  81 orcs
  9 ball pythons
  3 bats
  4 endoplasms
  2 giant cockroaches
  4 hobgoblins
  4 jackals
  2 quokkas
  2 frilled lizards
  6 goblins
  3 goblin skeletons (D:9)
  A hobgoblin skeleton (D:9)
  5 hobgoblin zombies (D:9)
  14 kobolds
  An orc skeleton (D:9)
  16 orc zombies
  2 rats
  2 butterflies (D:10)
734 creatures vanquished.

Vanquished Creatures (collateral kills)
  A deep elf knight (Elf:2)
  A basilisk (D:14)
  2 scorpions (D:6)
  An orc priest (D:6)
  4 gnolls (D:6)
  2 orcs (D:6)
11 creatures vanquished.

Vanquished Creatures (others)
  An orc wizard (D:9)
  2 orcs
  3 ball lightnings (Elf:1)
  40 fungi
  100 plants
146 creatures vanquished.

Grand Total: 891 creatures vanquished

Notes
Turn   | Place    | Note
-------+----------+-------------------------------------------
     0 | D:5      | petzl the Formicid Delver began the quest for the Orb.
     0 | D:5      | Reached XP level 1. HP: 18/18 MP: 1/1
     2 | D:5      | Noticed a phantom
    12 | D:5      | Noticed an iguana
    12 | D:5      | Found the +10 Black Knight's barding {ponderous, rPois rN+}
    66 | D:4      | Noticed a centaur
    82 | D:4      | Noticed a steam dragon
    84 | D:4      | Noticed Darkkill's ghost (novice MiHu)
    86 | D:4      | Noticed an iguana
    94 | D:4      | Found a transporter.
   340 | D:2      | Reached XP level 2. HP: 19/24 MP: 1/3
   405 | D:2      | Reached skill level 1 in Spellcasting
   725 | D:1      | Learned a level 1 spell: Kiss of Death
  1026 | D:2      | Reached XP level 3. HP: 29/29 MP: 5/5
  1427 | D:3      | Found a faded altar of an unknown god.
  1503 | D:3      | Reached XP level 4. HP: 37/37 MP: 7/7
  1531 | D:3      | Found a sacrificial altar of Ru.
  1705 | D:3      | You fall into a shaft and drop 2 floors!
  1776 | D:5      | Reached skill level 1 in Necromancy
  1795 | D:5      | Noticed a centaur
  1802 | D:5      | Killed a centaur
  1803 | D:5      | Reached skill level 4 in Fighting
  1803 | D:5      | Reached skill level 1 in Short Blades
  1803 | D:5      | Reached skill level 1 in Ranged Weapons
  1803 | D:5      | Reached skill level 1 in Conjurations
  1803 | D:5      | Reached XP level 5. HP: 38/42 MP: 7/9
  1818 | D:4      | You fall into a shaft and drop 2 floors!
  1846 | D:6      | Found a snail-covered altar of Cheibriados.
  1866 | D:6      | Noticed an ice beast
  1911 | D:6      | Reached XP level 6. HP: 48/48 MP: 10/10
  1913 | D:6      | Found a staircase to the Ecumenical Temple.
  1941 | Temple   | Entered the Ecumenical Temple
  2019 | D:7      | Noticed a water moccasin
  2051 | D:7      | Learned a level 1 spell: Magic Dart
  2078 | D:7      | Reached XP level 7. HP: 55/55 MP: 12/12
  2576 | D:3      | Found a hazy altar of Hepliaklqana.
  2576 | D:3      | Found an ornate altar of the Wu Jian Council.
  2684 | D:3      | Found an ancient bone altar of Kikubaaqudgha.
  2718 | D:3      | Found a shimmering blue altar of Sif Muna.
  2733 | D:3      | Found a radiant altar of Vehumet.
  2948 | D:3      | Found a broken altar of Ashenzari.
  3248 | D:3      | Became a worshipper of Vehumet
  3349 | D:4      | Found a transporter.
  3392 | D:4      | Learned a level 3 spell: Stone Arrow
  3499 | D:4      | Noticed Edmund
  3889 | D:4      | Reached XP level 8. HP: 53/59 MP: 10/14
  4061 | D:4      | Killed Edmund
  4062 | D:4      | Reached skill level 5 in Fighting
  4062 | D:4      | Reached skill level 1 in Earth Magic
  4172 | D:4      | Found a runed translucent door.
  4173 | D:4      | Noticed Crazy Yiuf
  4181 | D:4      | Killed Crazy Yiuf
  4465 | D:4      | Found a white marble altar of Elyvilon.
  4785 | D:4      | Reached skill level 5 in Spellcasting
  5079 | D:4      | Found a bloodstained altar of Trog.
  5207 | D:5      | Reached XP level 9. HP: 69/69 MP: 16/16
  5302 | D:5      | Noticed Grinder
  5363 | D:5      | Reached * piety under Vehumet
  5363 | D:5      | Offered knowledge of Shock by Vehumet.
  5424 | D:5      | Learned a level 1 spell: Shock
  5452 | D:5      | an iguana changed into a blink frog
  5452 | D:5      | Noticed a blink frog
  5456 | D:5      | Killed a blink frog
  5457 | D:5      | Reached skill level 6 in Fighting
  5457 | D:5      | Reached skill level 5 in Conjurations
  5464 | D:5      | Noticed Ijyb
  5480 | D:5      | Noticed Menkaure
  5488 | D:5      | Killed Ijyb
  5616 | D:5      | Killed Grinder
  5702 | D:5      | Found a sparkling altar of Nemelex Xobeh.
  5719 | D:5      | You fall into a shaft and drop 1 floor!
  6044 | D:6      | Learned a level 2 spell: Sublimation of Blood
  6213 | D:6      | Identified the ring "Omiufy Gagewn" {rC+ Str+4}
  6577 | D:5      | You fall into a shaft and drop 2 floors!
  6697 | D:7      | Identified the amulet of the Lich-sworn {Reflect Rampage
                  | Fragile rElec SH+5 Stlth-}
  6939 | D:7      | an iguana changed into a glowing shapeshifter
  6939 | D:7      | Noticed a glowing shapeshifter (glowing shapeshifter)
  6939 | D:7      | a glowing shapeshifter changed into an anaconda
  6939 | D:7      | Noticed an anaconda (glowing shapeshifter)
  6940 | D:7      | an anaconda changed into a two-headed ogre
  6940 | D:7      | Noticed a two-headed ogre (glowing shapeshifter)
  6945 | D:7      | Killed a two-headed ogre
  6946 | D:7      | Reached skill level 7 in Fighting
  6946 | D:7      | Reached XP level 10. HP: 59/79 MP: 18/20
  7134 | D:8      | Noticed a two-headed ogre
  7491 | D:9      | Reached ** piety under Vehumet
  7504 | D:9      | Offered knowledge of Sandblast by Vehumet.
  7694 | D:9      | Reached skill level 1 in Staves
  7760 | D:9      | Reached skill level 1 in Evocations
  7867 | D:9      | Found a staircase to the Orcish Mines.
  7991 | D:9      | Reached skill level 1 in Armour
  8003 | D:9      | You fall into a shaft and drop 3 floors!
  8098 | D:11     | Noticed a cyclops
  8102 | D:10     | Entered Level 10 of the Dungeon
  8137 | D:10     | You fall into a shaft and drop 3 floors!
  8172 | D:12     | Noticed a boulder beetle
  8172 | D:12     | Noticed a komodo dragon
  8172 | D:12     | Noticed a centaur warrior
  8175 | D:12     | You fall into a shaft and drop 2 floors!
  8364 | D:15     | Entered Level 15 of the Dungeon
  8369 | D:15     | Noticed an efreet
  8387 | D:14     | Noticed a manticore
  8456 | D:14     | Noticed an efreet
  8595 | D:13     | Noticed a centaur warrior
  8602 | D:13     | You fall into a shaft and drop 2 floors!
  8657 | D:15     | Noticed a centaur warrior
  8698 | D:14     | Identified the +7 spear of Festooned Optimality {drain, rF+
                  | Will+}
  8715 | D:14     | Reached skill level 1 in Air Magic
  9021 | D:12     | Reached skill level 8 in Fighting
  9115 | D:10     | Found a shimmering altar of Xom.
  9160 | D:11     | Noticed a cyclops
  9225 | D:9      | You fall into a shaft and drop 3 floors!
  9245 | D:12     | Noticed a boulder beetle
  9305 | D:10     | Reached XP level 11. HP: 61/64 MP: 19/22
  9363 | D:10     | Offered knowledge of Poisonous Vapours by Vehumet.
  9597 | D:9      | Learned a level 2 spell: Poisonous Vapours
  9597 | D:9      | Reached *** piety under Vehumet
  9802 | D:10     | Noticed Erolcha
  9827 | D:10     | Noticed Urug
 10506 | D:9      | Offered knowledge of Iskenderun's Mystic Blast by Vehumet.
 10670 | D:9      | Found a staircase to the Lair.
 10946 | D:9      | Reached skill level 9 in Fighting
 11006 | D:9      | Noticed a sun demon
 11215 | D:9      | Reached **** piety under Vehumet
 11228 | D:9      | Noticed Maggie
 11423 | D:8      | Offered knowledge of Ignite Poison by Vehumet.
 11425 | D:8      | Reached skill level 1 in Shields
 11608 | D:8      | Noticed Grum
 11625 | D:8      | Killed Grum
 11872 | D:8      | Killed a two-headed ogre
 12002 | D:8      | Reached XP level 12. HP: 86/86 MP: 24/24
 12181 | D:9      | You fall into a shaft and drop 2 floors!
 12223 | D:11     | Noticed Maurice
 12699 | D:10     | Found a stormy altar of Qazlal.
 12879 | D:10     | Killed Urug
 12880 | D:10     | Reached skill level 1 in Poison Magic
 13020 | D:10     | Reached ***** piety under Vehumet
 13020 | D:10     | Offered knowledge of Spellforged Servitor by Vehumet.
 13214 | D:9      | Killed Maggie
 13357 | Orc:1    | Entered Level 1 of the Orcish Mines
 13731 | Orc:2    | Entered Level 2 of the Orcish Mines
 13731 | Orc:2    | Noticed Azrael
 14136 | Orc:1    | Noticed an orc warlord
 14227 | Orc:1    | Killed an orc warlord
 14567 | Orc:1    | Reached skill level 5 in Earth Magic
 14799 | D:9      | You fall into a shaft and drop 3 floors!
 14912 | D:12     | You fall into a shaft and drop 1 floor!
 15016 | D:13     | Noticed Sonja
 15389 | D:13     | Killed Sonja
 15487 | D:13     | Noticed a two-headed ogre
 15505 | D:13     | Killed a two-headed ogre
 15892 | D:11     | Reached skill level 10 in Fighting
 15892 | D:11     | Reached XP level 13. HP: 103/103 MP: 11/26
 16052 | Lair:1   | Entered Level 1 of the Lair of Beasts
 16237 | Lair:1   | Identified the +2 robe of the Old World {Contam rN+ Str+2
                  | Dex+3}
 16558 | Lair:1   | Reached skill level 10 in Spellcasting
 16560 | Lair:1   | Learned a level 1 spell: Apportation
 16912 | Lair:2   | Noticed Amaemon
 17015 | Lair:2   | Found an opulent altar of Gozag.
 17035 | Lair:2   | Reached skill level 1 in Translocations
 17349 | Lair:2   | Identified a scroll of acquirement
 17350 | Lair:2   | Acquired 959 gold pieces
 17551 | Lair:3   | Noticed a five-headed hydra
 18175 | Lair:2   | Killed Amaemon
 19021 | Lair:5   | Entered Level 5 of the Lair of Beasts
 19267 | Lair:5   | Reached skill level 10 in Conjurations
 19354 | Lair:4   | Offered knowledge of Iron Shot by Vehumet.
 19566 | Lair:4   | Found a viscous altar of Jiyva.
 19567 | Lair:4   | Found a staircase to the Slime Pits.
 19784 | Lair:3   | Noticed Nessos
 19789 | Lair:3   | You fall into a shaft and drop 2 floors!
 20010 | Lair:4   | Learned a level 6 spell: Iron Shot
 20011 | Lair:4   | You fall into a shaft and drop 1 floor!
 20766 | Lair:5   | Reached XP level 14. HP: 91/97 MP: 13/28
 21519 | Lair:4   | Learned a level 4 spell: Passage of Golubria
 22037 | Lair:3   | Reached skill level 5 in Dodging
 22213 | Lair:3   | Found a staircase to the Snake Pit.
 22285 | Lair:3   | Offered knowledge of Lee's Rapid Deconstruction by Vehumet.
 22321 | Lair:3   | Found a staircase to the Shoals.
 22791 | Lair:3   | Reached skill level 11 in Fighting
 22938 | D:9      | You fall into a shaft and drop 3 floors!
 23034 | D:9      | You fall into a shaft and drop 1 floor!
 23682 | Orc:2    | Found a staircase to the Elven Halls.
 23978 | Orc:2    | Reached skill level 5 in Necromancy
 24135 | Orc:2    | Found a transporter.
 24212 | Orc:2    | Found a transporter.
 24550 | Orc:2    | Reached skill level 5 in Translocations
 24833 | Orc:2    | Noticed koil's ghost (journeyman SpHu)
 24927 | Orc:2    | Found Cuin's Magic Scroll Emporium.
 24928 | Orc:2    | Found Resoun's Magic Scroll Shoppe.
 25057 | Orc:2    | Bought 3 scrolls of identify for 72 gold pieces
 25057 | Orc:2    | Bought a scroll of identify for 24 gold pieces
 25057 | Orc:2    | Bought a scroll of identify for 24 gold pieces
 25057 | Orc:2    | Bought a scroll of poison for 48 gold pieces
 25057 | Orc:2    | Bought a scroll of magic mapping for 90 gold pieces
 25065 | Orc:2    | Bought a scroll of fear for 40 gold pieces
 25065 | Orc:2    | Bought a scroll of summoning for 95 gold pieces
 25065 | Orc:2    | Bought a scroll of fear for 40 gold pieces
 25731 | Orc:2    | Offered knowledge of Freezing Cloud by Vehumet.
 25738 | Orc:2    | Learned a level 5 spell: Freezing Cloud
 25818 | Orc:2    | Reached skill level 1 in Ice Magic
 26430 | Orc:2    | Found Otojuihi's Book Shop.
 26430 | Orc:2    | Found Liajey's Antique Weapon Boutique.
 26430 | Orc:2    | Found a one-way gate leading to the halls of Pandemonium.
 26729 | Lair:3   | Reached XP level 15. HP: 103/110 MP: 15/30
 27623 | Lair:5   | Reached skill level 5 in Ice Magic
 28179 | D:10     | Killed Erolcha
 28249 | D:10     | You fall into a shaft and drop 3 floors!
 28282 | D:13     | You fall into a shaft and drop 2 floors!
 29472 | D:12     | Reached skill level 10 in Translocations
 29507 | D:12     | Reached skill level 5 in Shields
 29577 | D:12     | Noticed Psyche
 29581 | D:12     | Killed Psyche
 29941 | D:12     | Reached skill level 10 in Stealth
 29947 | D:12     | You fall into a shaft and drop 1 floor!
 31234 | D:15     | Offered knowledge of Conjure Ball Lightning by Vehumet.
 31235 | D:15     | Reached XP level 16. HP: 125/125 MP: 11/31
 31242 | D:15     | Learned a level 6 spell: Conjure Ball Lightning
 31651 | D:15     | Found a staircase to the Depths.
 31984 | D:15     | Identified the +11 war axe of Perversion {flame, rPois}
 32854 | D:14     | Found a gate to the Vaults.
 33915 | Elf:1    | Entered Level 1 of the Elven Halls
 34044 | Elf:2    | Found Jiown's Antique Weapon Emporium.
 34238 | Elf:1    | Found Daliv's Antique Armour Emporium.
 34362 | Elf:1    | Got the Incunable of Axaxaxas mlö
 34371 | Elf:1    | Got Ts'ui Pên's Catalogue of Forking Paths
 34546 | Elf:1    | Reached skill level 12 in Fighting
 34797 | Elf:1    | Reached skill level 5 in Air Magic
 35091 | Elf:1    | Got Sif Muna's Catalogue of Sand
 35826 | Elf:2    | Reached skill level 13 in Fighting
 36083 | Elf:2    | Identified the +6 hand axe of the Firefly {protect, rElec
                  | rCorr Dex+4}
 36545 | Elf:2    | Reached XP level 17. HP: 128/137 MP: 23/33
 36556 | Elf:2    | Offered knowledge of Orb of Destruction by Vehumet.
 36628 | Elf:2    | Reached skill level 14 in Fighting
 36865 | Elf:2    | Noticed Asterion
 36895 | Elf:1    | You fall into a shaft and drop 1 floor!
 36895 | Elf:2    | Noticed a deep elf blademaster
 36895 | Elf:2    | HP: 3/139 [poisoned by Asterion]
 36901 | Elf:2    | HP: 3/139 [deep elf knight/shard of ice (28)]
 36907 | Elf:2    | Slain by a deep elf knight

Illustrated notes

Levels and vault maps discovered:
D:1:      minmay_arrival_four_houses, layout_rooms, nrook_mini_backslash
D:2:      layout_basic
D:3:      layout_basic, palyth_temple_overflow_mages, general_overflow_altar,
          mainiacjoe_overflow_cross_hatched, grunt_temple_overflow_open,
          nicolae_ecumenical_snake_handling
D:4:      layout_layer_cave, elyvilon_altar_3, mainiacjoe_overflow_alcove_2,
          nicolae_ossuary_entry_catacombs, gammafunk_ghost_arena,
          grunt_ministairs_15, uniq_edmund, uniq_crazy_yiuf_cottage
D:5:      layout_rooms, mainiacjoe_overflow_small_starburst, uniq_menkaure,
          uniq_grinder, uniq_ijyb
D:6:      layout_loops_ring, mainiacjoe_overflow_boulevard,
          minmay_temple_entry_waves, chequers_serial_rivers_large_b,
          eino_small_chamber_without_monster, kennysheep_cross_room
D:7:      layout_loops_ring, grunt_ministairs_8, minmay_misc_feat_enclosed
D:8:      layout_cave_pools, serial_gnoll_camp, grums_kennel,
          gnoll_camp_mini_doghouse, gnoll_camp_mini_doghouse,
          gnoll_camp_mini_hut
D:9:      layout_irregular_city, erik_lair_orcish_takeover, zombieorc2_lemuel,
          uniq_maggie
D:10:     layout_roguey, lemuel_doored_altar, xom_butterflies, uniq_urug,
          uniq_erolcha
D:11:     layout_loops_cross, uniq_maurice
D:12:     minmay_triangles_in_corner, layout_basic, uniq_psyche
D:13:     layout_irregular_city, uniq_sonja
D:14:     nicolae_cairo_tiling_large, layout_basic,
          hangedman_vaults_entry_quadrant_bands, minmay_crystal_water
D:15:     hangedman_depths_entry_try_elsewhere_first, layout_stronghold,
          chequers_arboretum
Temple:   nicolae_temple_cloud_nine
Lair:1:   layout_long_grid, lemuel_fruit_fields
Lair:2:   beast_lair_carwin_large_2, layout_layer_cave, basic_altar,
          uniq_amaemon
Lair:3:   layout_concentric_octagons, elwin_shoals_entry_rooms,
          minmay_snake_entry_six_corridors, serial_bayou_ford_a,
          serial_bayou_shore_a, uniq_nessos
Lair:4:   layout_gridlike, minmay_slime_entry_oklob_open
Lair:5:   hangedman_lair_tendril_chambers, layout_gridlike,
          chequers_serial_rivers_micro_e, serial_bayou_shore_b
Orc:1:    layout_caves, minmay_orc_barracks
Orc:2:    pf_orc_diabolical, layout_caves, gammafunk_ghost_stat_death,
          gauntlet_entry_generic, uniq_azrael
Elf:1:    layout_geoelf_octagon, serial_shops, shop_fountains, minivault_28,
          bh_hangedman_babel_library
Elf:2:    nicolae_elf_blades_crystal_corner, layout_geoelf_octagon,
          serial_shops, nicolae_shop_hallway_stairs, uniq_asterion

Skill      XL: |  1  2  3  4  5  6  7  8  9 10 11 12 13 14 15 16 17 |
---------------+----------------------------------------------------+-----
Spellcasting   | 1 2 3 4 5 6 7 8 9 10 11 12 | 12.1
Necromancy     | 1 2 3 4 5 |  5.0
Fighting       | 4 5 7 8 9 10 11 13 14 | 14.4
Short Blades   | 1 |  1.3
Ranged Weapons | 1 2 3 |  3.0
Conjurations   | 1 3 4 7 8 9 10 | 10.9
Earth Magic    | 3 4 5 7 |  7.0
Staves         | 2 3 4 |  4.0
Evocations     | 2 3 |  3.0
Armour         | 2 4 |  4.0
Air Magic      | 1 3 6 |  6.0
Stealth        | 8 9 10 | 10.7
Shields        | 3 4 5 6 |  6.7
Dodging        | 3 4 5 6 |  6.0
Poison Magic   | 3 |  3.0
Translocations | 3 7 10 | 10.4
Ice Magic      | 3 6 |  6.0
Long Blades    | |  2.0

Action                   |  1- 3 |  4- 6 |  7- 9 | 10-12 | 13-15 | 16-18 || total
-------------------------+-------+-------+-------+-------+-------+-------++-------
Melee: Falchion          |     8 |       |       |       |       |       ||     8
       Short sword       |    50 |    37 |   115 |     3 |       |       ||   205
       Punch             |       |     1 |     2 |     3 |       |       ||     6
       Quarterstaff      |       |       |   161 |   447 |    17 |    14 ||   639
       Flail             |       |       |    16 |     3 |    35 |     9 ||    63
       Dagger            |       |       |       |     1 |       |       ||     1
       Rapier            |       |       |       |       |     1 |       ||     1
       Spear             |       |       |       |       |       |    13 ||    13
 Fire: Sling             |    20 |     9 |       |       |       |       ||    29
       Shortbow          |       |     8 |   132 |   314 |   332 |     5 ||   791
       Longbow           |       |       |       |       |       |    30 ||    30
Throw: Dart              |       |       |       |     1 |     7 |       ||     8
 Cast: Kiss of Death     |       |     1 |     3 |     5 |     6 |       ||    15
       Stone Arrow       |       |       |     8 |   192 |   504 |   131 ||   835
       Poisonous Vapours |       |       |       |    58 |    24 |     3 ||    85
       Shock             |       |       |       |     2 |       |       ||     2
       Freezing Cloud    |       |       |       |       |    95 |    81 ||   176
       Passage of Golubr |       |       |       |       |     6 |     1 ||     7
       Conjure Ball Ligh |       |       |       |       |       |     1 ||     1
 Abil: Shaft Self        |       |     2 |     2 |     8 |     6 |     1 ||    19
       Dig               |       |       |     1 |    11 |     6 |     1 ||    19
Evoke: Wand              |       |       |       |     2 |     1 |       ||     3
  Use: Scroll            |       |     3 |     5 |    14 |    15 |     6 ||    43
       Potion            |       |       |     1 |       |     4 |     4 ||     9
 Stab: Sleeping          |     4 |     1 |     5 |     1 |     1 |       ||    12
       Distracted        |       |       |     1 |       |       |     1 ||     2
       Paralysed         |       |       |     2 |       |       |       ||     2
       Confused          |       |       |     1 |     1 |       |       ||     2
       Petrifying        |       |       |       |     2 |       |       ||     2
       Petrified         |       |       |       |     1 |       |       ||     1
Armor: Leather armour    |    28 |    29 |   136 |   258 |   121 |    44 ||   616
Dodge: Dodged            |    41 |    48 |   191 |   408 |   193 |    83 ||   964
Block: Buckler           |       |       |       |    85 |   124 |    43 ||   252

Table legend: (Time is in decaauts)
 A = Elapsed time spent in this place.
 B = Non-inter-level travel time spent in this place.
 C = Inter-level travel time spent in this place.
 D = Time resting spent in this place.
 E = Time spent auto-exploring this place.
 F = Levels seen in this place.
 G = Mean time per level.
                   A        B        C        D        E       F      G
               +--------+--------+--------+--------+--------+-----+--------+
         Total |  37410 |  34601 |   2809 |  11684 |   8487 |  25 | 1496.4 |
       Dungeon |  20873 |  19312 |   1561 |   4850 |   6044 |  15 | 1391.5 |
        Temple |     51 |     45 |      6 |      0 |     45 |   1 |   51.0 |
          Lair |   8591 |   7842 |    749 |   3121 |   1617 |   5 | 1718.2 |
  Orcish Mines |   4897 |   4443 |    454 |   2069 |    235 |   2 | 2448.5 |
   Elven Halls |   2996 |   2958 |     38 |   1643 |    546 |   2 | 1498.0 |
               +--------+--------+--------+--------+--------+-----+--------+

Top non-repeatable levels by time:
   Orc:2: 3042 daAuts
   Elf:1: 2367 daAuts
     D:9: 2244 daAuts
    D:12: 2082 daAuts
    D:14: 2052 daAuts
  Lair:2: 2028 daAuts
  Lair:5: 1937 daAuts
     D:4: 1897 daAuts
  Lair:4: 1869 daAuts
   Orc:1: 1855 daAuts
    D:15: 1854 daAuts
    D:10: 1774 daAuts
    D:13: 1680 daAuts
  Lair:3: 1597 daAuts
     D:3: 1317 daAuts
